 Dungeon Crawl Stone Soup version 0.30-a0-793-g160f7cfddd (webtiles) character file.

Game seed: 6228871025786733206

65 themarg the Firebug (level 3, 0/24 HPs)
             Began as a Demonspawn Fire Elementalist on Feb 19, 2023.
             Was a Plaything of Xom.
             Slain by a gnoll
             ... wielding a +2 whip of venom
              (5 damage)
             ... on level 3 of the Dungeon.
             The game lasted 00:06:20 (3066 turns).

themarg the Firebug (Demonspawn Fire Elementalist)  Turns: 3066, Time: 00:06:21

Health: 0/24       AC:  4    Str:  8    XL:     3   Next: 92%
Magic:  6/6        EV: 12    Int: 18    God:    Xom [..*...]
Gold:   150        SH:  0    Dex: 13    Spells: 4/7 levels left

rFire   . . .      SeeInvis .    d - +1 dagger (venom)
rCold   . . .      Faith    .    (no shield)
rNeg    . . .      Spirit   .    a - +0 robe
rPois   .          Reflect  .    (no helmet)
rElec   .          Harm     .    (no cloak)
rCorr   .          Rampage  .    (no gloves)
Will    .....                    (no boots)
Stlth   ++                       (no amulet)
HPRegen 0.24/turn                (no ring)
MPRegen 0.10/turn                (no ring)

@: mighty
A: icy blue scales 1, demonic touch 1
a: Renounce Religion


You were on level 3 of the Dungeon.
You worshipped Xom.
You were a toy of Xom.
You visited 1 branch of the dungeon, and saw 4 of its levels.

You collected 150 gold pieces.

Inventory:

Hand Weapons
 d - a +1 dagger of venom (weapon)
Missiles
 e - 36 stones
 o - 2 javelins
 v - 8 poisoned darts
Armour
 a - a +0 robe (worn)
Scrolls
 c - a scroll of enchant armour {unknown}
 f - 5 scrolls of identify {unknown}
 i - a scroll of teleportation {unknown}
 l - 3 scrolls of fog {unknown}
 m - 2 scrolls of vulnerability {unknown}
 p - a scroll of enchant weapon {unknown}
 t - a scroll of fear {unknown}
 u - a scroll of noise {unknown}
Potions
 g - 2 potions of attraction {unknown}
 h - 2 potions of curing
 j - a potion of ambrosia {unknown}
 k - 4 potions of brilliance {unknown}
 n - a potion of lignification {unknown}
 q - a potion of haste {unknown}
 r - a potion of might {unknown}
 s - 2 potions of berserk rage {unknown}


   Skills:
 - Level 1.7 Dodging
 - Level 2.0 Stealth
 - Level 2.5 Spellcasting
 - Level 1.0 Conjurations
 + Level 4.0 Fire Magic


You had 4 spell levels left.
You knew the following spells:

 Your Spells              Type           Power      Damage    Failure   Level
a - Foxfire               Conj/Fire      44%        2x1d6     6%          1
b - Scorch                Fire           32%        2d6       4%          2

Your spell library contained the following spells:

 Spells                   Type           Power      Damage    Failure   Level
 Beastly Appendage        Tmut           4%         N/A       17%         1
 Inner Flame              Hex/Fire       9%         N/A       22%         3
 Wereblood                Tmut           2%         N/A       26%         2
 Ignite Poison            Fire/Tmut/Pois 7%         N/A       30%         3
 Kindle Blastsparks       Fire/Tloc/Air  14%        2d11      30%         3
 Spider Form              Tmut/Pois      2%         N/A       45%         3
 Tukima's Dance           Hex            2%         N/A       45%         3
 Flame Wave               Conj/Fire      11%        2d6       52%         4
 Sticky Flame             Conj/Fire      11%        2d3       52%         4
 Passage of Golubria      Tloc           2%         N/A       86%         4
 Yara's Violent Unravell  Hex/Tmut       1%         3d3       99%         5
 Ignition                 Fire           8%         3d5       100%        8


Dungeon Overview and Level Annotations

Branches:
Dungeon (4/15)
 Temple: D:4-7

Altars:
Dithmenos
Xom

Shops:
D:2 (

Annotations:
D:3 2 transporters, Sleet's ghost, amateur OpMo


Innate Abilities, Weirdness & Mutations

You are partially covered in icy blue scales. (AC +2)
Your touch may inflict minor irresistible damage on your foes.


Message History

The gnoll is moderately wounded.
The foxfire hits the gnoll.
The gnoll is heavily wounded.
The howler monkey hits you.
You climb upwards.
Your summoned ally is left behind.
Level annotation: 2 transporters, Sleet's ghost, amateur OpMo
There is a stone staircase leading down here.
The gnoll hits you with a +2 whip of venom.
You are poisoned.
The gnoll attacks as you move away!
The gnoll hits you with a +2 whip of venom.
You feel very sick. Xom smiles on you.
You feel very mighty all of a sudden. The gnoll attacks as you move away!
The gnoll hits you with a +2 whip of venom.
You are lethally poisoned!
* * * LOW HITPOINT WARNING * * *
You feel very sick. The howler monkey hits you.
* * * LOW HITPOINT WARNING * * *
It was a potion of curing.
You feel better.
Xom roars with laughter!
The howler monkey hits you.
* * * LOW HITPOINT WARNING * * *
The gnoll hits you with a +2 whip of venom.
* * * LOW HITPOINT WARNING * * *
You are lethally poisoned!
You are mighty.
You are lethally poisoned (2 -> -6).
Your movement speed is average.
Your attack delay is about 1.0.
Your damage rating with your +1 dagger of venom is about 5 (Base 4 x 107% (Dex) x 100% (Skill) + 1 (Ench)).
Unknown command.
You feel better.
The howler monkey completely misses you.
The gnoll closely misses you.
You don't have enough magic to cast this spell.
Magic courses through your body. The howler monkey hits you.
* * * LOW HITPOINT WARNING * * *
The gnoll hits you with a +2 whip of venom.
You die...

#.######.#.#.#.#..#
.<.......#.#.#.#..#
..######.#.#...#..#
..######.#.#####..#
.........#........#
.........#.#####.>#
.........#.#...#..#
#####....#.#.#.#hg#
....#....#.#.#.#@.#
....#....#...#.#..#
##..#....#####.#.##
8#..#..#.........#
#..###....####
....#..# ####.#
##..#..# ###.#
8#..#..# ##.#.#
##..#..###....#


You could see a howler monkey and a gnoll.

Vanquished Creatures
  An adder (D:3)
  A worm (D:3)
  2 dart slugs
  3 ball pythons
  9 bats
  An endoplasm (D:1)
  3 giant cockroaches
  A goblin (D:3)
  2 hobgoblins
  2 jackals (D:1)
  9 kobolds
  A quokka (D:2)
  4 frilled lizards
  6 rats
45 creatures vanquished.

Vanquished Creatures (others)
  69 foxfires
69 creatures vanquished.

Grand Total: 114 creatures vanquished

Notes
Turn   | Place    | Note
-------+----------+-------------------------------------------
     0 | D:1      | themarg the Demonspawn Fire Elementalist began the quest
                  | for the Orb.
     0 | D:1      | Reached XP level 1. HP: 13/13 MP: 3/3
   246 | D:1      | Gained mutation: You are partially covered in icy blue
                  | scales. (AC +2) [demonic ancestry]
   246 | D:1      | Reached XP level 2. HP: 19/19 MP: 1/5
   249 | D:1      | Learned a level 2 spell: Scorch
   426 | D:1      | Reached skill level 3 in Fire Magic
  1237 | D:2      | Gained mutation: Your touch may inflict minor irresistible
                  | damage on your foes. [demonic ancestry]
  1237 | D:2      | Reached XP level 3. HP: 24/24 MP: 0/6
  1328 | D:2      | Found a shadowy altar of Dithmenos.
  1485 | D:2      | Found Woesuss's Antique Weapon Boutique.
  2319 | D:3      | Reached skill level 4 in Fire Magic
  2538 | D:3      | Found a transporter.
  2541 | D:3      | Found a transporter.
  2541 | D:3      | Noticed Sleet's ghost (amateur OpMo)
  2829 | D:3      | Found a faded altar of an unknown god.
  2835 | D:3      | Prayed at the altar of an unknown god.
  2835 | D:3      | Became a worshipper of Xom of Unknown Intention
  2855 | D:3      | XOM: silly message
  3062 | D:3      | XOM: potion effect (might)
  3063 | D:3      | HP: 1/24 [howler monkey (5)]
  3066 | D:3      | Slain by a gnoll

Illustrated notes

Levels and vault maps discovered:
D:1:      minmay_arrival_stone_box, layout_basic
D:2:      layout_basic, serial_shops, nicolae_square_shop, basic_altar
D:3:      layout_loops_corners, gammafunk_ghost_mausoleum,
          shapermc_ecumenical_altar_notcrosses, roderic_lattice_a,
          minmay_misc_feat_columns
D:4:      layout_basic, kiku_gazebo_pond_becter, kennysheep_mini_moat,
          pf_just_have_faith, uniq_ijyb

Skill      XL: |  1  2  3 |
---------------+----------+-----
Stealth        | 2 |  2.0
Fire Magic     | 3 4 |  4.0
Dodging        | |  1.7
Spellcasting   | |  2.5
Conjurations   | |  1.0

Action                     || total
---------------------------++-------
  Melee: Dagger            ||    13
   Cast: Foxfire           ||    45
         Scorch            ||    24
    Use: Potion            ||     3
 Armour: Robe              ||     6
  Dodge: Dodged            ||    20

Table legend: (Time is in decaauts)
 A = Elapsed time spent in this place.
 B = Non-inter-level travel time spent in this place.
 C = Inter-level travel time spent in this place.
 D = Time resting spent in this place.
 E = Time spent auto-exploring this place.
 F = Levels seen in this place.
 G = Mean time per level.
                   A        B        C        D        E       F      G
               +--------+--------+--------+--------+--------+-----+--------+
         Total |   3065 |   3026 |     39 |    135 |   2570 |   4 |  766.2 |
       Dungeon |   3065 |   3026 |     39 |    135 |   2570 |   4 |  766.2 |
               +--------+--------+--------+--------+--------+-----+--------+

Top non-repeatable levels by time:
     D:1: 1186 daAuts
     D:3: 1024 daAuts
     D:2: 846 daAuts
     D:4: 7 daAuts
